 Dungeon Crawl Stone Soup version 0.25-a0-353-ged6d547 (webtiles) character file.

Game seed: 9096662685959223172, levelgen mode: deterministic

1038 Firecrotchwizard the Destroyer (level 8, -1/48 HPs)
             Began as a Tengu Conjurer on Jan 2, 2020.
             Slain by a mummy (6 damage)
             ... in an ossuary.
             The game lasted 00:11:48 (4748 turns).

Firecrotchwizard the Destroyer (Tengu Conjurer)     Turns: 4748, Time: 00:11:49

Health: -1/48      AC:  3    Str: 10    XL:     8   Next: 24%
Magic:  5/16       EV: 16    Int: 17    God:
Gold:   212        SH:  0    Dex: 14    Spells: 10/17 levels left

rFire    . . .     SeeInvis .   e - +1 dagger (venom)
rCold    . . .     Gourm    .   (no shield)
rNeg     . . .     Faith    .   a - +1 robe
rPois    .         Spirit   .   (helmet restricted)
rElec    .         Reflect  .   (no cloak)
rCorr    .         Harm     .   (no gloves)
MR       .....                  (boots unavailable)
Stlth    ++........             (no amulet)
HPRegen  0.16/turn              (no ring)
MPRegen  0.15/turn              (no ring)

@: flying quickly and evasively, quick
A: beak, talons 3, able to fly
a: Stop Flying


You were in an ossuary.
You were not hungry.

You visited 1 branch of the dungeon, and saw 5 of its levels.
You also visited: Ossuary.

You collected 212 gold pieces.

Inventory:

Hand Weapons
 e - a +1 dagger of venom (weapon)
   (You took it off a goblin on level 1 of the Dungeon)
Missiles
 k - 30 poisoned darts
Armour
 a - a +1 robe (worn)
 m - a +0 buckler of reflection
   (You found it on level 3 of the Dungeon)
Wands
 h - a wand of disintegration (15)
   (You found it on level 4 of the Dungeon)
 i - a wand of flame (13)
   (You found it on level 2 of the Dungeon)
Scrolls
 g - a scroll of enchant armour
 l - 3 scrolls of identify
 o - a scroll of amnesia
Potions
 b - a potion of agility {unknown}
 d - 2 potions of lignification {!q}
 f - a potion of magic {unknown}
 j - a potion of degeneration {unknown}
 n - a potion of cancellation {unknown}
Comestibles
 c - 9 rations


   Skills:
 + Level 4.7 Fighting
 - Level 2.9 Dodging
 - Level 2.6 Stealth
 + Level 5.1 Spellcasting
 + Level 8.7 Conjurations
 + Level 1.0 Translocations


You had 10 spell levels left.
You knew the following spells:

 Your Spells              Type           Power        Failure   Level  Hunger
a - Magic Dart            Conj           ####         1%          1    None
b - Searing Ray           Conj           ####..       1%          2    #......
x - Iskenderun's Mystic   Conj/Tloc      ###.....     19%         4    ####...

Your spell library contained the following spells:

 Spells                   Type           Power        Failure   Level  Hunger
 Dazzling Flash           Conj/Hex       ###...       7%          3    ###....
 Fulminant Prism          Conj/Hex       ###.......   24%         4    ####...


Dungeon Overview and Level Annotations

Branches:
Dungeon (5/15)            Ossuary (1/1)
 Temple: D:4-7

Altars:

Annotations:
D:4 Menkaure


Innate Abilities, Weirdness & Mutations

You have a beak for a mouth.
You have claws for feet.
You can fly continuously.


Message History

Aim: a mummy (heavily damaged)
The magic dart hits the mummy!
You now have 13/16 mp.
Aim: a mummy (almost destroyed)
The magic dart hits the mummy.
You destroy the mummy!
You now have 12/16 mp.
You hit the adder zombie. Your peck misses the adder zombie.
The adder zombie closely misses you.
You hit the adder zombie but do no damage.
You peck the adder zombie. The adder zombie bites you.
You take 1 damage, and have 47/48 hp.
You hit the adder zombie. The adder zombie misses you.
A mummy comes into view.
You hit the adder zombie. You claw the adder zombie.
Your peck misses the adder zombie. The adder zombie closely misses you.
You hit the adder zombie.
You destroy the adder zombie!
A mummy comes into view.
Aim: a mummy (hasn't noticed you)
The magic dart hits the mummy.
A mummy comes into view.
Health restored: 48 You now have 12/16 mp.
A bog mummy comes into view.
The mummy hits you.
You take 4 damage, and have 44/48 hp.
You don't know that spell.
Aim: a mummy (moderately damaged)
The searing ray hits the mummy! x2 (Press . to maintain the ray.)
You now have 11/16 mp.
The searing ray hits the mummy!
You destroy the mummy!
The mummy hits you!
You take 15 damage, and have 29/48 hp.
MASSIVE DAMAGE!!
You now have 10/16 mp.
Aim: a mummy (heavily damaged)
The magic dart hits the mummy.
You now have 9/16 mp.
Aim: a mummy (severely damaged)
The magic dart hits the mummy.
You now have 8/16 mp.
Aim: a mummy (severely damaged)
The magic dart hits the mummy.
You destroy the mummy!
You now have 7/16 mp.
There is an open door here.
You reach down and close the door.
You start resting.
A mummy opens the door.
There is an empty arch of ancient stone here.
Aim: a mummy The magic dart hits the mummy.
You now have 8/16 mp.
Aim: a mummy (moderately damaged)
The searing ray hits the mummy! (Press . to maintain the ray.)
You now have 7/16 mp.
The searing ray hits the mummy!
You destroy the mummy!
The bog mummy gestures at you while chanting.
The puff of frost hits you!
You take 8 damage, and have 24/48 hp.
You now have 6/16 mp.
A bullfrog zombie comes into view.
You now have 5/16 mp.
The searing ray hits the bullfrog zombie!
The searing ray hits the bog mummy.
You finish channeling your searing ray.
You now have 4/16 mp.
You hit the bullfrog zombie. The bullfrog zombie misses you.
You hit the bullfrog zombie. You claw the bullfrog zombie.
The bullfrog zombie closely misses you. The bullfrog zombie hits you.
You take 3 damage, and have 22/48 hp.
You hit the bullfrog zombie. Your kick misses the bullfrog zombie.
Your peck misses the bullfrog zombie. You hit the bog mummy.
Your peck misses the bog mummy.
A mummy comes into view.
You barely miss the bog mummy. You claw the bog mummy!
The bullfrog zombie closely misses you.
You hit the bog mummy. The bullfrog zombie barely misses you.
The bog mummy hits you!
* * * LOW HITPOINT WARNING * * *
The bullfrog zombie hits you but does no damage.
You take 10 damage, and have 12/48 hp.
MASSIVE DAMAGE!!
You barely miss the bog mummy.
The bullfrog zombie hits you but does no damage.
You hit the bog mummy.
You claw the bog mummy, but do no damage.
The bullfrog zombie hits you but does no damage.
The bog mummy gestures at you while chanting.
The puff of frost hits you!
* * * LOW HITPOINT WARNING * * *
You take 7 damage, and have 5/48 hp.
You hit the bog mummy.
You destroy the bog mummy!
Your Translocations skill increases to level 1!
The bullfrog zombie closely misses you. The mummy hits you.
You die...

###.#
?#≈+
M.###
#M'.#
###.###
#.'.'.#
#####.###
#∩.Z#.'.#
#.@.'.###
#..M#.'.#
#####.###
≈.+ ≈.#
≈.# ####


You could see a mummy and a bullfrog zombie.

Vanquished Creatures
  Eustachio (D:4)
  A sky beast (D:5)
  An ogre (D:4)
  A centaur (D:5)
  Blork the orc (D:5)
  A water moccasin zombie (Ossuary)
  A scorpion (D:4)
  A crimson imp (D:4)
  A hound (D:5)
  A centaur skeleton (D:4)
  Jessica (D:1)
  Terence (D:1)
  A hound skeleton (D:4)
  8 mummies (Ossuary)
  4 gnolls
  7 adders
  A white imp (D:4)
  2 oozes
  2 adder zombies (Ossuary)
  4 worms
  A dart slug (D:2)
  2 leopard geckos
  2 orcs (D:3)
  4 bats
  2 giant cockroaches
  10 goblins
  4 hobgoblins
  2 jackals (D:4)
  9 kobolds
  2 ball pythons
  2 frilled lizards
  A jackal skeleton (D:4)
  6 rats
88 creatures vanquished.

Vanquished Creatures (others)
  A withered plant (Ossuary)
1 creature vanquished.

Grand Total: 89 creatures vanquished

Notes
Turn   | Place    | Note
-------+----------+-------------------------------------------
     0 | D:1      | Firecrotchwizard the Tengu Conjurer began the quest for the
                  | Orb.
     0 | D:1      | Reached XP level 1. HP: 10/10 MP: 4/4
   272 | D:1      | Reached XP level 2. HP: 12/15 MP: 6/6
   758 | D:2      | Noticed Jessica
   758 | D:2      | Noticed Terence
   778 | D:1      | Killed Terence
   778 | D:1      | Reached XP level 3. HP: 15/19 MP: 1/7
   933 | D:1      | Learned a level 2 spell: Searing Ray
   944 | D:1      | Killed Jessica
   944 | D:1      | Reached skill level 6 in Conjurations
   944 | D:1      | Reached XP level 4. HP: 8/24 MP: 5/9
   944 | D:1      | Reached skill level 1 in Fighting
  1606 | D:2      | Gained mutation: You can fly continuously. [Tengu growth]
  1606 | D:2      | Reached XP level 5. HP: 25/29 MP: 10/10
  1614 | D:2      | Reached skill level 3 in Spellcasting
  1778 | D:2      | HP: 7/30 [poisoned by an adder]
  2521 | D:3      | Reached skill level 2 in Fighting
  2957 | D:3      | Reached XP level 6. HP: 27/36 MP: 8/12
  3424 | D:4      | Noticed Eustachio
  3456 | D:3      | Learned a level 4 spell: Iskenderun's Mystic Blast
  3487 | D:4      | Killed Eustachio
  3487 | D:4      | Reached skill level 3 in Fighting
  3487 | D:4      | Reached skill level 4 in Spellcasting
  3487 | D:4      | Reached skill level 7 in Conjurations
  3600 | D:4      | Noticed Menkaure
  3702 | D:4      | Reached XP level 7. HP: 23/41 MP: 5/14
  4403 | D:5      | Entered Level 5 of the Dungeon
  4430 | D:5      | Noticed Blork the orc
  4435 | D:5      | Killed Blork the orc
  4441 | D:5      | Reached skill level 4 in Fighting
  4441 | D:5      | Reached skill level 8 in Conjurations
  4573 | D:5      | Reached XP level 8. HP: 42/48 MP: 16/16
  4583 | D:5      | Found a sand-covered staircase.
  4592 | Ossuary  | Entered an ossuary
  4663 | Ossuary  | Reached skill level 5 in Spellcasting
  4745 | Ossuary  | HP: 12/48 [bog mummy (11)]
  4747 | Ossuary  | HP: 5/48 [bog mummy/puff of frost (7)]
  4748 | Ossuary  | Reached skill level 1 in Translocations
  4748 | Ossuary  | Slain by a mummy

Levels and vault maps discovered:
D:1:      tarquinn_simple_flora_water_e, layout_basic,
          hangedman_decor_peaks_small, item_on_display_a
D:2:      layout_basic, uniq_jessica, uniq_natasha, uniq_terence
D:3:      layout_basic, first_ration, minmay_bisected
D:4:      layout_rooms, minmay_fire_ice_demons, uniq_eustachio, uniq_menkaure
D:5:      layout_basic, enter_ossuary_1, uniq_blork_the_orc
Ossuary:  ossuary_zaba_flooded

Skill      XL: |  1  2  3  4  5  6  7  8 |
---------------+-------------------------+-----
Conjurations   | 6 7 8 |  8.7
Fighting       | 1 2 3 4 |  4.7
Spellcasting   | 3 4 5 |  5.1
Translocations | 1 |  1.0
Dodging        | |  2.9
Stealth        | |  2.6

Action                   |  1- 3 |  4- 6 |  7- 9 || total
-------------------------+-------+-------+-------++-------
Melee: Dagger            |    25 |    89 |    52 ||   166
       Unarmed           |     3 |       |       ||     3
       Kick              |     6 |    18 |    15 ||    39
       Peck              |       |    13 |     6 ||    19
 Cast: Magic Dart        |    19 |    38 |    35 ||    92
       Searing Ray       |     1 |     3 |     6 ||    10
 Abil: Fly               |       |     1 |       ||     1
  Use: Scroll            |       |     6 |       ||     6
 Stab: Sleeping          |     1 |     2 |     1 ||     4
  Eat: Chunk             |       |     7 |     2 ||     9
       Ration            |       |     1 |       ||     1
Armor: Robe              |    10 |    12 |    11 ||    33
Dodge: Dodged            |    36 |    61 |    39 ||   136

Table legend:
 A = Non-vault XP
 B = Vault XP
 C = Vault XP percentage of total XP
 D = Non-vault monster count
 E = Vault monster count
 F = Vault count percentage of total count
                 A         B        C        D         E       F
            +---------+---------+-------+---------+---------+-------
      Total |     798 |     686 |  46.2 |      68 |      20 |  22.7
            +---------+---------+-------+---------+---------+-------
        D:1 |      50 |      73 |  59.3 |      16 |       2 |  11.1
        D:2 |     103 |       0 |   0.0 |      17 |       0 |   0.0
        D:3 |     101 |       5 |   4.7 |      24 |       3 |  11.1
        D:4 |     254 |     260 |  50.6 |       7 |       3 |  30.0
        D:5 |     290 |      99 |  25.4 |       4 |       1 |  20.0
    Ossuary |       0 |     249 | 100.0 |       0 |      11 | 100.0
            +---------+---------+-------+---------+---------+-------

Levels and vault maps discovered:
D:1:      tarquinn_simple_flora_water_e, layout_basic,
          hangedman_decor_peaks_small, item_on_display_a
D:2:      layout_basic, uniq_jessica, uniq_natasha, uniq_terence
D:3:      layout_basic, first_ration, minmay_bisected
D:4:      layout_rooms, minmay_fire_ice_demons, uniq_eustachio, uniq_menkaure
D:5:      layout_basic, enter_ossuary_1, uniq_blork_the_orc
Ossuary:  ossuary_zaba_flooded

Table legend:
 A = Turns spent in this place as a percentage of turns spent in the entire game.
 B = Non-inter-level travel turns spent in this place as a percentage of non-inter-level travel turns spent in the entire game.
 C = Inter-level travel turns spent in this place as a percentage of turns spent in this place.
 D = Turns resting spent in this place as a percentage of non-inter-level travel turns spent in this place.
 E = Turns spent auto-exploring this place as a percentage of non-inter-level travel turns spent in this place.
 F = Non-inter-level travel turns spent in this place divided by the number of levels of this place that you've seen.
                   A       B       C       D       E      F
               +-------+-------+-------+-------+-------+----------------------
         Total | 100.0 | 100.0 |   2.3 |  45.3 |  40.7 | 772.8
       Dungeon |  96.7 |  96.6 |   2.4 |  45.0 |  42.1 | 896.2
       Ossuary |   3.3 |   3.4 |   0.0 |  53.2 |   1.9 | 156.0
               +-------+-------+-------+-------+-------+----------------------

Table legend:
 A = Kills in this place as a percentage of kills in entire the game.
 B = Kills by you in this place as a percentage of kills by you in the entire game.
 C = Kills by friends in this place as a percentage of kills by friends in the entire game.
 D = Other kills in this place as a percentage of other kills in the entire game.
 E = Experience gained in this place as a percentage of experience gained in the entire game.
 F = Experience gained in this place divided by the number of levels of this place that you have seen.
                   A       B       C       D       E      F
               +-------+-------+-------+-------+-------+----------------------
         Total | 100.0 | 100.0 |   N/A |   N/A | 100.0 | 247.3
       Dungeon |  87.5 |  87.5 |   N/A |   N/A |  83.2 | 247.0
       Ossuary |  12.5 |  12.5 |   N/A |   N/A |  16.8 | 249.0
               +-------+-------+-------+-------+-------+----------------------
